General information
- name: BNet
- type: Ladder team game (AT/RT)
- host: Battle.net
- saver: BeepBoopBanger
map: DragonFalls
- players: 8
- length: 28:06
- speed: Fast
- version: 1.26 W3XP
- replay type: Public
» download(207 KB)
Players
team 1 (winner)
SaintPaulLegend (
blue | 45 APM | 1209 actions | 27:01)
4 Archmage
2 Blizzard
2 Brilliance Aura
3 Mountain King
1 Storm Bolt
1 Bash
1 Thunder Clap
» actions
| Assign group hotkey | 13 | |
| Build / train | 71 | |
| Enter build submenu | 17 | |
| Enter hero's abilities submenu | 7 | |
| Remove unit from queue | 2 | |
| Right click | 687 | |
| Select / deselect | 254 | |
| Select group hotkey | 98 | |
| Use ability | 60 | |
1209 total
» units
| Peasant | 16 | |
| Footman | 10 | |
| Spell Breaker | 10 | |
| Sorceress | 2 | |
| Priest | 3 | |
41 total
» upgrades
| Lumber Harvesting | 2 | |
| Priest Training | 2 | |
| Sorceress Training | 4 | |
| Control Magic | 1 | |
| Plating | 2 | |
| Swords | 2 | |
13 total
» buildings
| Altar of Kings | 1 | |
| Barracks | 1 | |
| Farm | 14 | |
| Keep | 2 | |
| Lumber Mill | 1 | |
| Arcane Vault | 1 | |
| Arcane Sanctum | 4 | |
| Castle | 1 | |
| Town Hall | 1 | |
| Blacksmith | 1 | |
27 total
» build order
00:05 Altar of Kings
00:10 Barracks
00:12 Farm
00:14 Farm
02:08 Farm
03:05 Keep
03:05 Keep
03:12 Farm
04:16 Lumber Mill
04:18 Arcane Vault
04:48 Farm
05:41 Arcane Sanctum
05:42 Arcane Sanctum
07:03 Castle
07:11 Arcane Sanctum
08:14 Town Hall
09:52 Arcane Sanctum
10:35 Farm
10:36 Farm
10:38 Farm
10:40 Farm
13:41 Farm
13:42 Farm
13:42 Farm
13:42 Farm
13:43 Farm
14:08 Blacksmith
» items
| Scroll of Healing | 1 | |
| Scroll of Town Portal | 1 | |
2 total
BeepBoopBanger (
red | 72 APM | 2013 actions | 28:06)
7 Blademaster
3 Wind Walk
3 Critical Strike
1 Bladestorm
» actions
| Assign group hotkey | 49 | |
| Basic commands | 114 | |
| Build / train | 87 | |
| Enter build submenu | 33 | |
| Enter hero's abilities submenu | 8 | |
| Give item / drop item | 3 | |
| Remove unit from queue | 5 | |
| Right click | 723 | |
| Select / deselect | 310 | |
| Select group hotkey | 529 | |
| Use ability | 152 | |
2013 total
» units
| Peon | 8 | |
| Grunt | 4 | |
| Goblin Shredder | 1 | |
| Goblin Zeppelin | 3 | |
| Goblin Sapper | 20 | |
| Wind Rider | 3 | |
| Green Dragon | 1 | |
40 total
» upgrades
| Ranged Weapons | 3 | |
| Armor | 3 | |
| Reinforced Defenses | 1 | |
| Troll Regeneration | 1 | |
| Envenomed Spears | 1 | |
9 total
» buildings
| Orc Burrow | 6 | |
| Altar of Storms | 1 | |
| Barracks | 2 | |
| Voodoo Lounge | 1 | |
| Stronghold | 1 | |
| Great Hall | 2 | |
| War Mill | 3 | |
| Watch Tower | 11 | |
| Fortress | 1 | |
| Beastiary | 4 | |
32 total
» build order
00:41 Orc Burrow
00:46 Altar of Storms
00:47 Barracks
00:51 Barracks
01:05 Orc Burrow
01:35 Voodoo Lounge
03:18 Stronghold
03:57 Great Hall
04:33 War Mill
04:48 Orc Burrow
06:45 Watch Tower
06:46 Watch Tower
06:47 Watch Tower
06:51 Watch Tower
06:51 Watch Tower
06:52 Watch Tower
08:01 Fortress
08:07 Watch Tower
08:08 Watch Tower
09:01 War Mill
12:37 Beastiary
12:38 Beastiary
12:41 Beastiary
12:42 Beastiary
12:46 Orc Burrow
12:47 Orc Burrow
12:48 Orc Burrow
13:06 War Mill
19:38 Great Hall
19:47 Watch Tower
19:54 Watch Tower
» items
| Healing Salve | 4 | |
| Lesser Clarity Potion | 3 | |
| Potion of Mana | 3 | |
| Mechanical Critter | 2 | |
| Potion of Healing | 3 | |
| Scroll of Town Portal | 3 | |
| Orb of Lightning | 1 | |
| Periapt of Vitality | 1 | |
| Staff of Teleportation | 1 | |
| Potion of Lesser Invulnerability | 1 | |
22 total
katy.perry (
yellow | 96 APM | 2384 actions | 24:53)
4 Priestess of the Moon
2 Trueshot Aura
2 Scout
4 Dark Ranger
2 Black Arrow
2 Silence
» actions
| Assign group hotkey | 26 | |
| Basic commands | 16 | |
| Build / train | 88 | |
| ESC pressed | 15 | |
| Enter build submenu | 26 | |
| Enter hero's abilities submenu | 8 | |
| Give item / drop item | 4 | |
| Right click | 918 | |
| Select / deselect | 319 | |
| Select group hotkey | 905 | |
| Use ability | 58 | |
2384 total
» units
| Wisp | 26 | |
| Archer | 10 | |
| Hippogryph | 15 | |
| Chimaera | 5 | |
56 total
» upgrades
| Improved Bows | 1 | |
| Reinforced Hides | 3 | |
| Strength of the Wild | 3 | |
| Nature's Blessing | 1 | |
| Corrosive Breath | 1 | |
| Well Spring | 1 | |
| Ultravision | 1 | |
11 total
» buildings
| Altar of Elders | 1 | |
| Moon Well | 8 | |
| Ancient of War | 1 | |
| Tree of Ages | 1 | |
| Hunter's Hall | 1 | |
| Tree of Life | 1 | |
| Ancient of Wonders | 1 | |
| Tree of Eternity | 5 | |
| Ancient of Wind | 4 | |
| Chimaera Roost | 4 | |
27 total
» build order
00:18 Altar of Elders
00:31 Moon Well
00:45 Ancient of War
01:43 Moon Well
02:34 Tree of Ages
02:51 Moon Well
04:28 Moon Well
04:30 Hunter's Hall
05:19 Tree of Life
06:11 Ancient of Wonders
06:12 Tree of Eternity
06:48 Tree of Eternity
06:49 Tree of Eternity
06:49 Tree of Eternity
07:32 Ancient of Wind
07:37 Ancient of Wind
08:10 Ancient of Wind
09:22 Moon Well
09:24 Moon Well
10:23 Chimaera Roost
10:23 Chimaera Roost
12:19 Chimaera Roost
12:24 Chimaera Roost
16:43 Moon Well
16:44 Moon Well
» items
| Scroll of Town Portal | 2 | |
| Potion of Healing | 1 | |
3 total

»
Iquitwhenrushed (
teal | 52 APM | 1304 actions | 24:59)
5 Priestess of the Moon
2 Trueshot Aura
1 Scout
2 Searing Arrows
» actions
| Build / train | 95 | |
| Enter build submenu | 34 | |
| Enter hero's abilities submenu | 5 | |
| Give item / drop item | 2 | |
| Right click | 852 | |
| Select / deselect | 263 | |
| Use ability | 53 | |
1304 total
» units
| Wisp | 34 | |
| Archer | 13 | |
| Druid of the Claw | 17 | |
64 total
» upgrades
| Strength of the Moon | 1 | |
| Strength of the Wild | 3 | |
| Reinforced Hides | 2 | |
| Druid of the Claw Training | 2 | |
| Mark of the Claw | 1 | |
| Well Spring | 1 | |
10 total
» buildings
| Moon Well | 9 | |
| Altar of Elders | 1 | |
| Ancient of Wonders | 3 | |
| Ancient of War | 1 | |
| Hunter's Hall | 1 | |
| Tree of Ages | 4 | |
| Tree of Life | 3 | |
| Ancient Protector | 5 | |
| Tree of Eternity | 1 | |
| Ancient of Lore | 4 | |
32 total
» build order
00:45 Moon Well
01:01 Altar of Elders
01:23 Ancient of Wonders
01:58 Ancient of War
02:06 Moon Well
02:30 Hunter's Hall
03:23 Moon Well
04:05 Tree of Ages
04:05 Tree of Ages
04:06 Tree of Ages
04:06 Tree of Ages
06:16 Tree of Life
06:20 Ancient Protector
06:22 Ancient Protector
06:26 Ancient Protector
08:34 Moon Well
08:36 Ancient of Wonders
08:38 Moon Well
08:44 Ancient Protector
09:02 Moon Well
09:12 Ancient of Wonders
09:19 Moon Well
09:41 Ancient Protector
09:45 Tree of Eternity
10:35 Ancient of Lore
10:37 Ancient of Lore
10:41 Ancient of Lore
10:46 Ancient of Lore
11:44 Moon Well
11:47 Moon Well
19:19 Tree of Life
19:55 Tree of Life
team 2 (loser)

»
Ayrat (
pink | 102 APM | 1839 actions | 18:03)
4 Archmage
2 Summon Water Elemental
1 Brilliance Aura
1 Blizzard
2 Mountain King
1 Storm Bolt
1 Bash
» actions
| Assign group hotkey | 42 | |
| Basic commands | 105 | |
| Build / train | 58 | |
| Enter build submenu | 32 | |
| Enter hero's abilities submenu | 6 | |
| Give item / drop item | 2 | |
| Right click | 665 | |
| Select / deselect | 389 | |
| Select group hotkey | 466 | |
| Use ability | 74 | |
1839 total
» units
| Peasant | 14 | |
| Footman | 8 | |
| Furbolg Shaman | 1 | |
| Rifleman | 6 | |
| Priest | 4 | |
| Knight | 1 | |
34 total
» upgrades
| Defend | 1 | |
| Lumber Harvesting | 1 | |
| Masonry | 1 | |
| Priest Training | 1 | |
| Long Rifles | 1 | |
5 total
» buildings
| Altar of Kings | 1 | |
| Barracks | 2 | |
| Farm | 12 | |
| Scout Tower | 4 | |
| Arcane Tower | 2 | |
| Arcane Vault | 1 | |
| Town Hall | 1 | |
| Lumber Mill | 1 | |
| Keep | 1 | |
| Guard Tower | 1 | |
| Blacksmith | 2 | |
| Arcane Sanctum | 1 | |
| Castle | 1 | |
30 total
» build order
00:12 Altar of Kings
00:25 Barracks
00:40 Farm
01:17 Farm
01:36 Scout Tower
01:58 Farm
02:24 Arcane Tower
03:11 Arcane Vault
05:02 Farm
05:16 Town Hall
05:18 Scout Tower
05:42 Farm
06:02 Scout Tower
06:03 Arcane Tower
06:14 Lumber Mill
06:55 Keep
08:13 Guard Tower
08:16 Barracks
09:16 Blacksmith
09:48 Blacksmith
10:16 Arcane Sanctum
12:06 Farm
12:07 Farm
12:21 Scout Tower
12:34 Castle
13:54 Farm
16:07 Farm
16:08 Farm
17:03 Farm
17:05 Farm
» items
| Scroll of Regeneration | 2 | |
| Potion of Healing | 2 | |
| Scroll of Town Portal | 1 | |
5 total
ThunderBOLT (
purple | 103 APM | 2891 actions | 28:05)
7 Mountain King
3 Storm Bolt
3 Bash
1 Avatar
» actions
| Assign group hotkey | 134 | |
| Basic commands | 131 | |
| Build / train | 155 | |
| ESC pressed | 3 | |
| Enter build submenu | 45 | |
| Enter hero's abilities submenu | 7 | |
| Give item / drop item | 7 | |
| Right click | 1171 | |
| Select / deselect | 490 | |
| Select group hotkey | 589 | |
| Use ability | 158 | |
2891 total
» units
| Peasant | 22 | |
| Footman | 16 | |
| Goblin Shredder | 3 | |
| Goblin Zeppelin | 4 | |
| Dragonhawk Rider | 2 | |
| Gryphon Rider | 6 | |
53 total
» upgrades
| Lumber Harvesting | 2 | |
| Masonry | 3 | |
| Swords | 3 | |
| Armor | 2 | |
| Animal War Training | 1 | |
| Storm Hammers | 1 | |
12 total
» buildings
| Barracks | 1 | |
| Altar of Kings | 1 | |
| Farm | 7 | |
| Arcane Vault | 3 | |
| Town Hall | 2 | |
| Keep | 4 | |
| Scout Tower | 28 | |
| Lumber Mill | 1 | |
| Guard Tower | 31 | |
| Gryphon Aviary | 2 | |
| Blacksmith | 1 | |
| Castle | 3 | |
84 total
» build order
00:54 Barracks
00:58 Altar of Kings
01:00 Farm
01:20 Farm
01:23 Farm
02:08 Farm
02:24 Arcane Vault
04:09 Town Hall
06:10 Keep
06:10 Keep
06:12 Scout Tower
06:13 Scout Tower
06:13 Scout Tower
06:47 Lumber Mill
07:11 Scout Tower
07:12 Scout Tower
07:12 Scout Tower
07:13 Scout Tower
07:14 Scout Tower
07:15 Scout Tower
07:15 Scout Tower
07:16 Scout Tower
07:18 Scout Tower
07:44 Guard Tower
07:44 Guard Tower
07:49 Guard Tower
07:49 Guard Tower
09:29 Guard Tower
09:30 Guard Tower
09:30 Guard Tower
10:39 Gryphon Aviary
10:41 Gryphon Aviary
12:09 Scout Tower
12:09 Scout Tower
12:20 Scout Tower
12:22 Scout Tower
12:50 Blacksmith
13:10 Guard Tower
13:11 Guard Tower
13:11 Guard Tower
13:14 Castle
13:14 Castle
13:20 Scout Tower
13:24 Scout Tower
13:56 Guard Tower
13:57 Guard Tower
13:57 Guard Tower
15:18 Guard Tower
17:27 Scout Tower
17:28 Scout Tower
17:28 Scout Tower
17:29 Scout Tower
17:40 Farm
17:42 Farm
18:05 Farm
18:15 Arcane Vault
18:33 Guard Tower
18:54 Scout Tower
19:20 Arcane Vault
19:22 Guard Tower
19:22 Guard Tower
21:43 Scout Tower
21:43 Scout Tower
21:44 Scout Tower
22:21 Guard Tower
22:22 Guard Tower
22:23 Guard Tower
22:23 Guard Tower
22:45 Scout Tower
22:50 Scout Tower
23:52 Guard Tower
23:52 Guard Tower
24:47 Town Hall
» items
| Scroll of Regeneration | 8 | |
| Mechanical Critter | 3 | |
| Lesser Clarity Potion | 5 | |
| Potion of Healing | 3 | |
| Scroll of Town Portal | 5 | |
| Staff of Sanctuary | 1 | |
| Orb of Fire | 1 | |
26 total

»
GoAwayDummy (
orange | 45 APM | 951 actions | 21:21)
3 Dark Ranger
1 Black Arrow
1 Life Drain
1 Silence
1 Lich
1 Frost Nova
» actions
| Assign group hotkey | 3 | |
| Basic commands | 159 | |
| Build / train | 57 | |
| ESC pressed | 1 | |
| Enter build submenu | 18 | |
| Enter hero's abilities submenu | 4 | |
| Give item / drop item | 3 | |
| Remove unit from queue | 1 | |
| Right click | 407 | |
| Select / deselect | 256 | |
| Select group hotkey | 6 | |
| Use ability | 36 | |
951 total
» units
| Acolyte | 5 | |
| Ghoul | 1 | |
| Crypt Fiend | 7 | |
| Goblin Shredder | 2 | |
| Goblin Sapper | 1 | |
| Gargoyle | 11 | |
| Frost Wyrm | 2 | |
29 total
» upgrades
» buildings
| Altar of Darkness | 2 | |
| Graveyard | 1 | |
| Ziggurat | 6 | |
| Crypt | 1 | |
| Tomb of Relics | 1 | |
| Halls of the Dead | 1 | |
| Spirit Tower | 2 | |
| Sacrificial Pit | 1 | |
| Black Citadel | 1 | |
| Boneyard | 3 | |
19 total
» build order
00:15 Altar of Darkness
00:24 Graveyard
00:57 Ziggurat
01:00 Altar of Darkness
01:34 Crypt
01:37 Ziggurat
02:30 Ziggurat
05:16 Ziggurat
05:25 Tomb of Relics
06:36 Halls of the Dead
08:07 Ziggurat
08:35 Spirit Tower
10:06 Spirit Tower
10:15 Sacrificial Pit
12:27 Black Citadel
16:11 Boneyard
16:13 Boneyard
17:06 Boneyard
17:49 Ziggurat
» items
| Staff of Teleportation | 1 | |
| Scroll of Regeneration | 2 | |
| Lesser Clarity Potion | 2 | |
| Scroll of Town Portal | 4 | |
| Potion of Healing | 6 | |
15 total

»
DarkMen (
green | 39 APM | 564 actions | 14:21)
3 Demon Hunter
2 Immolation
1 Evasion
1 Keeper of the Grove
1 Force of Nature
» actions
| Build / train | 60 | |
| Enter build submenu | 19 | |
| Enter hero's abilities submenu | 4 | |
| Give item / drop item | 1 | |
| Remove unit from queue | 9 | |
| Right click | 215 | |
| Select / deselect | 218 | |
| Use ability | 38 | |
564 total
» units
| Wisp | 22 | |
| Archer | 5 | |
| Dryad | 7 | |
| Hippogryph | 1 | |
35 total
» upgrades
| Abolish Magic | 1 | |
| Druid of the Claw Training | 2 | |
3 total
» buildings
| Altar of Elders | 1 | |
| Moon Well | 5 | |
| Ancient of War | 1 | |
| Ancient of Wonders | 1 | |
| Tree of Ages | 2 | |
| Tree of Life | 2 | |
| Hunter's Hall | 1 | |
| Ancient of Wind | 1 | |
| Ancient of Lore | 3 | |
| Ancient Protector | 2 | |
| Tree of Eternity | 4 | |
23 total
» build order
00:14 Altar of Elders
00:23 Moon Well
00:54 Ancient of War
01:39 Moon Well
01:59 Ancient of Wonders
03:15 Tree of Ages
03:16 Tree of Ages
04:01 Moon Well
05:03 Tree of Life
05:32 Hunter's Hall
06:10 Ancient of Wind
06:44 Moon Well
06:53 Ancient of Lore
08:08 Tree of Life
08:17 Ancient Protector
08:20 Ancient Protector
08:28 Ancient of Lore
09:11 Ancient of Lore
09:35 Tree of Eternity
09:35 Tree of Eternity
09:35 Tree of Eternity
09:36 Tree of Eternity
10:53 Moon Well
» items
Chat log
(00:07 / Allies) SaintPaulLegend: casters
(00:12 / Allies) katy.perry: archers to something
(00:15 / Allies) katy.perry: aa or air
(00:18 / Allies) SaintPaulLegend: ok bae
(01:11 / Allies) Iquitwhenrushed: ill mass dryads
(01:27 / Allies) SaintPaulLegend: who has melee
(01:43 / Allies) Iquitwhenrushed: ill get bears
(01:45 / Allies) BeepBoopBanger: me wyvs
(02:07 / Allies) BeepBoopBanger: my build was real fucked up this game lawl
(05:27 / Allies) SaintPaulLegend: take slippers
(06:22 / All) ThunderBOLT: Orange is tking over creeps
(06:28 / All) ThunderBOLT: when I went tpo the camp first
(06:38 / All) ThunderBOLT: nice copying our tp staff method lol
(07:48 / Allies) SaintPaulLegend: 100 lumber pls
(10:16 / All) ThunderBOLT: Orange keeps trying to tk
(10:21 / All) ThunderBOLT: because I went to creep something, and did
(10:24 / All) ThunderBOLT: he sent his shit after
(10:29 / All) SaintPaulLegend: are we supposed to give a shit?
(10:31 / All) ThunderBOLT: but I alt tabbed for a sec and didn't start combat right away
(10:32 / All) Iquitwhenrushed: so tk him
(10:36 / All) ThunderBOLT: so he thinks he's entitled to those creeps
(10:45 / All) SaintPaulLegend: honestly nobody cares
(13:54 / All) ThunderBOLT: Orange can't even tk properly and that's easy
(14:28 / Allies) BeepBoopBanger: lumbers
(15:00 / Allies) BeepBoopBanger: lumber
(15:00 / Allies) BeepBoopBanger: wood
(16:41 / All) ThunderBOLT: fucking c licked that tpo
(17:11 / Allies) SaintPaulLegend: group up and attack
(17:13 / All) Iquitwhenrushed: later nigger
(17:18 / All) ThunderBOLT: you lost
(17:26 / Allies) SaintPaulLegend: ill tp
(17:32 / Allies) katy.perry: I can tp
(18:45 / All) Iquitwhenrushed: leave
(19:31 / All) Iquitwhenrushed: leave nigger
(20:15 / All) SaintPaulLegend: alt qq already
(20:23 / All) ThunderBOLT: why when I have a victory
(21:08 / Allies) SaintPaulLegend: why the fuck are you tk
(21:16 / All) GoAwayDummy: be thankful to purple
(21:27 / Allies) SaintPaulLegend: stop it faggot
(22:00 / All) ThunderBOLT: Just leave
(22:21 / All) Iquitwhenrushed: leave nigger
(22:28 / All) ThunderBOLT: why don't you
(22:55 / All) Iquitwhenrushed: monkey ass nigger leave
(23:01 / All) ThunderBOLT: You lose
(23:48 / All) Iquitwhenrushed: nigger leave
(23:52 / All) katy.perry: red please cut yourself
(23:53 / Allies) SaintPaulLegend: stop tking red your an idiot
(24:06 / All) Iquitwhenrushed: u lost nigger
(24:10 / All) ThunderBOLT: moonjuice drained
(24:14 / All) ThunderBOLT: now you can kill yellow easily
(24:36 / All) katy.perry: what a piece of shit
(24:44 / Allies) SaintPaulLegend: were going to lose now because of red
(24:45 / All) katy.perry: dumb niggers I swear
(24:53 / All) katy.perry: wish this game had an IQ gate
(24:56 / All) ThunderBOLT: is that the only word you know
(24:58 / All) ThunderBOLT: lol
(25:01 / All) ThunderBOLT: if it did
(25:04 / All) ThunderBOLT: we wouldn't have players
(25:07 / All) ThunderBOLT: like orange, blue
(25:09 / All) ThunderBOLT: yellow
(25:12 / All) ThunderBOLT: and teal
(25:38 / All) ThunderBOLT: out
(25:39 / All) ThunderBOLT: you lose
(25:41 / All) ThunderBOLT: just leave
(26:28 / All) ThunderBOLT: nice
(26:32 / All) ThunderBOLT: one control group]33
(26:49 / All) ThunderBOLT: GTFO
(26:58 / All) SaintPaulLegend: GO FUCK YOURSLEVES
(27:04 / All) BeepBoopBanger: lol
(27:05 / All) ThunderBOLT: Raped lawl
(27:07 / All) ThunderBOLT: nice work
(27:10 / All) BeepBoopBanger: your team lose?
(27:18 / All) ThunderBOLT: let me stats
(27:23 / All) BeepBoopBanger: orange sounds like a faggo
(27:26 / All) ThunderBOLT: orange was a piece of shit\
(27:30 / All) ThunderBOLT: But he's 51-59
(27:35 / All) ThunderBOLT: your team was faggy too
(27:41 / All) ThunderBOLT: all shit talking only when they thought they won lol
(27:48 / All) BeepBoopBanger: my team is terrible
(27:50 / All) ThunderBOLT: did they do anything or have any chat
(27:52 / All) ThunderBOLT: blue 3-4
(27:53 / All) BeepBoopBanger: none of them have a winning rec
(28:02 / All) ThunderBOLT: damn all low ell losing recs
(28:04 / All) ThunderBOLT: I guess orange lose